 Dungeon Crawl Stone Soup version 0.13.0-17-g5f0e85f (webtiles) character file.

195 Jaijje the Slasher (level 4, -2/29 HPs)
             Began as a High Elf Skald on Oct 21, 2013.
             Killed by divine providence
             ... invoked by an orc priest
              (10 damage)
             ... on Level 3 of the Dungeon.
             The game lasted 00:10:14 (3083 turns).

Jaijje the Slasher (High Elf Skald)                 Turns: 3083, Time: 00:10:14

HP  -2/29        AC  5     Str 12      XL: 4   Next: 68%
MP   7/11        EV 10     Int 22      God:
Gold 80          SH  0     Dex 14      Spells:  1 memorised,  6 levels left

Res.Fire  : + . .   See Invis. : .   a - +0,+1 elf falchion
Res.Cold  : . . .   Warding    : .   b - +0 elf leather armour
Life Prot.: . . .   Conserve   : .   (no shield)
Res.Poison: .       Res.Corr.  : +   (no helmet)
Res.Elec. : .       Clarity    : .   n - +1 cloak
Sust.Abil.: . .     Spirit.Shd : .   (no gloves)
Res.Mut.  : .       Stasis     : .   (no boots)
Res.Rott. : .       Flight     : .   j - amulet of resist corrosion
Saprovore : . . .                    p - ring of protection from fire
                                     e - +6 ring of intelligence

@: slightly resistant to hostile enchantments, unstealthy
A: no striking features
a: no special abilities


You were on level 3 of the Dungeon.
You were hungry.

You visited 1 branch of the dungeon, and saw 3 of its levels.

You collected 60 gold pieces.

Inventory:

Hand weapons
 a - a +0,+1 elven falchion (weapon)
Missiles
 l - 11 darts (quivered)
Armour
 b - a +0 elven leather armour (worn)
 n - a +1 cloak (worn)
Comestibles
 d - 2 bread rations
 g - a choko
 k - an apple
 m - a meat ration
 t - a pear
Scrolls
 s - 2 scrolls of teleportation {unknown}
 u - a scroll of fear {unknown}
 v - a scroll of noise {unknown}
Jewellery
 e - a +6 ring of intelligence (left hand)
 f - an uncursed ring of flight
 j - an amulet of resist corrosion (around neck)
 o - an uncursed ring of poison resistance
 p - a ring of protection from fire (right hand)
Potions
 h - a potion of confusion {unknown}
 q - a potion of curing
Books
 c - a book of Battle

   Spells                             Type                      Level
   *Infusion                          Charms                       1
   Shroud of Golubria                 Charms/Translocation         2
   Song of Slaying                    Charms                       2
   Spectral Weapon                    Hexes/Charms                 3
   Regeneration                       Charms/Necromancy            3
   Song of Shielding                  Charms                       4


   Skills:
 - Level 2.0 Fighting
 + Level 5.3 Long Blades
 - Level 0.8 Armour
 - Level 1.1 Dodging
 - Level 2.4 Spellcasting
 + Level 4.5 Charms


You had 6 spell levels left.
You knew the following spells:

 Your Spells              Type           Power        Failure   Level  Hunger
a - Infusion              Chrm           ###...       1%          1    None


Dungeon Overview and Level Annotations

Branches:
Dungeon (3/27)

Altars:


Message History

The orc priest mumbles some strange prayers to Beogh against you.
Something smites you! The orc barely misses you.
You hit the orc priest.
The orc priest is severely wounded.
The orc barely misses you.
The orc priest hits you with an orcish trident.
The orc hits you but does no damage.
You completely miss the orc priest.
The orc priest is severely wounded.
The orc hits you but does no damage. The orc barely misses you.
The orc priest closely misses you. The orc hits you but does no damage.
You are feeling hungry.
You completely miss the orc priest.
The orc priest is severely wounded.
The orc hits you with an orcish dagger.
The orc hits you with an orcish hand axe.
* * * LOW HITPOINT WARNING * * *
The orc priest invokes the aid of Beogh against you.
Something smites you!
You die...

## #.
#######################.
.......(................
#......?..............##.
#...oo...........#.##.
#...##.o@.........##..##.
#.#o.........#.#.....
..#K##......##.#...##.
.....##.#....#.##....##.
....#.#.#(.#.#.#.......
!....#.##..##.#.....#..
.....##....##......#.#
..................#.#
..................#.#


You could see an orc priest, 3 orcs and a kobold.

Vanquished Creatures
  A worker ant (D:3)
  An ogre zombie (D:3)
  A worm (D:2)
  A giant gecko (D:1)
  An orc (D:3)
  9 bats
  5 giant cockroaches
  11 hobgoblins
  3 quokkas
  A ball python (D:2)
  A giant newt (D:2)
  7 goblins
  3 jackals (D:2)
  4 kobolds (D:1)
  5 rats
54 creatures vanquished.

Notes
Turn   | Place    | Note
--------------------------------------------------------------
     0 | D:1      | Jaijje, the High Elf Skald, began the quest for the Orb.
     0 | D:1      | Reached XP level 1. HP: 13/13 MP: 4/4
   228 | D:1      | Reached XP level 2. HP: 11/18 MP: 6/6
  1123 | D:1      | Reached skill level 4 in Long Blades
  1501 | D:1      | Reached XP level 3. HP: 15/23 MP: 8/8
  2705 | D:3      | Reached XP level 4. HP: 27/29 MP: 4/11
  2727 | D:3      | Reached skill level 5 in Long Blades
  3083 | D:3      | Killed from afar by an orc priest

Action                   |  1- 3 |  4- 6 || total
-------------------------+-------+-------++-------
Melee: Falchion          |   177 |    25 ||   202
Throw: Dart              |    11 |       ||    11
 Cast: Infusion          |     5 |     2 ||     7
  Use: Scroll            |     7 |       ||     7
